 Dungeon Crawl Stone Soup version 0.27-a0-1083-gcf8293e1eb (webtiles) character file.

Game seed: 10026465183025075525

260 EnegeticOcto the Chopper (level 5, 39/46 HPs)
             Began as a Deep Dwarf Delver on Apr 26, 2021.
             Quit the game in the Ecumenical Temple.
             The game lasted 00:02:40 (352 turns).

EnegeticOcto the Chopper (Deep Dwarf Delver)         Turns: 352, Time: 00:02:41

Health: 39/46      AC:  3    Str: 16    XL:     5   Next: 95%
Magic:  5/5        EV: 12    Int: 10    God:
Gold:   35         SH:  0    Dex: 15    Spells: 4/4 levels left

rFire    . . .     SeeInvis .   a - +0 hand axe
rCold    . . .     Faith    .   (no shield)
rNeg     . . .     Spirit   .   b - +0 leather armour
rPois    .         Reflect  .   (no helmet)
rElec    .         Harm     .   (no cloak)
rCorr    .         Rampage  .   (no gloves)
Will     .....                  (no boots)
Stlth    +++.......             (no amulet)
HPRegen  0.00/turn              (no ring)
MPRegen  0.09/turn              (no ring)

@: non-regenerating
A: damage resistance, heal wounds, sense surroundings 1, no regeneration
a: Heal Wounds


You were in the Ecumenical Temple.
You visited 2 branches of the dungeon, and saw 3 of its levels.

You collected 35 gold pieces.

Inventory:

Hand Weapons
 a - a +0 hand axe (weapon)
Armour
 b - a +0 leather armour (worn)
Wands
 g - a wand of digging (1) {@v3}
Scrolls
 c - a scroll of fog {!r}
 e - a scroll of fear {!r}
Potions
 f - a potion of haste {@q4 !q}
 h - 2 potions of curing {unknown}


   Skills:
 - Level 2.6 Fighting
 + Level 6.9 Axes
 - Level 2.1 Dodging
 - Level 6.0 Stealth


You had 4 spell levels left.
You didn't know any spells.
Your spell library was empty.

Dungeon Overview and Level Annotations

Branches:
Dungeon (5/15)             Temple (1/1) D:4

Altars:
Cheibriados
Dithmenos
Elyvilon
Fedhas
Gozag
Kikubaaqudgha
Makhleb
Qazlal
Trog
Uskayaw
Vehumet
Wu Jian
Xom
Yredelemnul


Innate Abilities, Weirdness & Mutations

You are resistant to damage.
You can heal yourself by infusing magical energy.
You passively map a small area around you.
You do not regenerate.


Message History

You hit the bat zombie.
The bat zombie is almost destroyed.
The bat zombie hits you but does no damage. x2
The bat zombie barely misses you.
You slash the bat zombie!
You destroy the bat zombie!
You hit the rat zombie but do no damage.
The rat zombie bites you but does no damage.
You hit the rat zombie.
The rat zombie is moderately damaged.
The rat zombie barely misses you.
You slash the rat zombie!
You destroy the rat zombie!
The rat zombie misses you.
You hit the rat zombie.
The rat zombie is severely damaged.
The rat zombie misses you.
You hit the rat zombie but do no damage.
The rat zombie is severely damaged.
You hit the rat zombie.
You destroy the rat zombie!
No target in view!
No target in view!
No target in view!
Found an ancient bone altar of Kikubaaqudgha.
Aiming: Dig
Press: ? - help, Shift-Dir - straight line You can't see that place.
The rock shatters into small pieces.
A hound skeleton comes into view.
An orc comes into view. It is wielding a +0 vorpal hand axe.
The hound skeleton moves out of view.
A jelly comes into view.
The jelly quivers.
The hound skeleton barely misses you.
The orc shouts!
You hit the hound skeleton.
The hound skeleton is moderately damaged.
The hound skeleton bites you.
The hound skeleton bites you but does no damage.
You barely miss the hound skeleton.
The hound skeleton is moderately damaged.
You hit the orc.
The jelly jiggles.
The hound skeleton bites you. The orc closely misses you.
You hit the hound skeleton.
The hound skeleton is heavily damaged.
You hit the orc but do no damage. The hound skeleton bites you.
The orc closely misses you. The hound skeleton bites you.
The orc closely misses you.
You barely miss the hound skeleton.
The hound skeleton is heavily damaged.
You hit the jelly. The acid corrodes you!
Your hands burn!
You hit the orc but do no damage. The hound skeleton closely misses you.
The jelly barely misses you.
The orc hits you with a +0 vorpal hand axe!
The hound skeleton barely misses you.
Found a staircase to the Ecumenical Temple.
The orc misses you. The jelly hits you.
You are splashed with acid.
There is a staircase to the Ecumenical Temple here.
The hound skeleton bites you.
You climb downwards.
Welcome to the Ecumenical Temple!
There is a staircase back to the Dungeon here.
The jelly barely misses you. The jelly hits you. The acid corrodes you!
You are splashed with acid!
The jelly barely misses you.
Found a burning altar of Makhleb.
Found a snail-covered altar of Cheibriados and a basalt altar of Yredelemnul.
Found a stormy altar of Qazlal.
Found a blossoming altar of Fedhas.
You are no longer corroded.
You feel much better.
You slash the jelly!
Your hands burn!
The jelly is almost dead.
The jelly hits you.
You are splashed with acid!
You hit the jelly but do no damage.
Your hands burn!
The jelly is almost dead.
The jelly closely misses you.
You slash the jelly!
You kill the jelly!
No target in view!
Found a bloodstained altar of Trog.
Found a shimmering altar of Xom.
Found a white marble altar of Elyvilon.
Found a hide-covered altar of Uskayaw.
Found an ornate altar of the Wu Jian Council.
You enter the shallow water.
Moving in this stuff is going to be slow.
Found an opulent altar of Gozag.
You enter the shallow water.
Moving in this stuff is going to be slow.
Found a shadowy altar of Dithmenos.
Found a radiant altar of Vehumet.
There is a shadowy altar of Dithmenos here.
There is a burning altar of Makhleb here.
You are a level 5 Deep Dwarf Delver.
You are 95% of the way to level 6.
Play time: 00:02:34 (342 turns).
Zot will find you in 5872 turns if you stay in this branch and explore no new floors.
Are you sure you want to abandon this character and quit the game? (Confirm with "yes".)

♣♣♣♣ ♣♣♣..♣♣♣ ♣......♣♣
♣...<...♣ ≈ *♣......♣♣ ≈
♣♣....♣♣ ≈≈*♣♣♣♣@.♣ ♣♣ * *
≈♣* ♣..♣♣ ♣♣.##. ≈≈ ♣♣..♣♣
♣♣....#♣ ♣♣≈♣♣♣♣...♣♣♣
♣..._..♣♣♣
♣♣≈≈≈≈♣♣.....♣♣♣♣.......♣
♣..≈≈≈≈♣......♣..........
♣...≈≈≈≈.......♣.........
♣♣...≈≈≈..≈.........♣....
*♣.....≈≈..≈≈♣............


There were no monsters in sight!

Vanquished Creatures
  A necrophage (D:5)
  A scorpion (D:5)
  2 hounds (D:5)
  A jelly (Temple)
  A killer bee zombie (D:5)
  4 bat zombies (D:4)
  2 jackals (D:5)
  2 rat zombies (D:4)
14 creatures vanquished.

Notes
Turn   | Place    | Note
-------+----------+-------------------------------------------
     0 | D:5      | EnegeticOcto the Deep Dwarf Delver began the quest for the
                  | Orb.
     0 | D:5      | Reached XP level 1. HP: 20/20 MP: 1/1
    54 | D:5      | Reached skill level 3 in Axes
    54 | D:5      | Reached XP level 2. HP: 10/27 MP: 2/2
    92 | D:5      | Reached skill level 4 in Axes
    92 | D:5      | Reached XP level 3. HP: 20/33 MP: 3/3
    99 | D:5      | Noticed a scorpion
   107 | D:5      | Killed a scorpion
   108 | D:5      | Reached skill level 5 in Axes
   108 | D:5      | Reached XP level 4. HP: 21/40 MP: 4/4
   111 | D:5      | Noticed a centaur warrior zombie
   115 | D:5      | Noticed a necrophage
   129 | D:5      | Killed a necrophage
   130 | D:5      | Reached skill level 6 in Axes
   130 | D:5      | Reached XP level 5. HP: 29/46 MP: 5/5
   150 | D:5      | Noticed an ice beast
   191 | D:4      | Found an ancient bone altar of Kikubaaqudgha.
   207 | D:4      | Found a staircase to the Ecumenical Temple.
   216 | Temple   | Entered the Ecumenical Temple
   352 | Temple   | Quit the game

Illustrated notes

Levels and vault maps discovered:
D:4:      layout_basic, lemuel_zombie_altar_kikubaaqudgha,
          minmay_temple_entry_wispy
D:5:      layout_rooms, serial_co_window_serial, co_window_paths_a,
          co_window_of_opportunity_a, co_window_cross_1, co_window_corner_a,
          co_window_paths_b, co_window_cross_2, co_window_unsneaky_path_a,
          co_window_broadway_a, co_window_paths_c, uniq_grinder
Temple:   oiseaux_autumnal_temple

Skill      XL: |  1  2  3  4 |
---------------+-------------+-----
Axes           | 3 4 5 6 |  6.9
Fighting       | |  2.6
Dodging        | |  2.1
Stealth        | |  6.0

Action                   |  1- 3 |  4- 6 || total
-------------------------+-------+-------++-------
Melee: Hand axe          |    48 |    42 ||    90
 Abil: Heal Wounds       |     6 |     3 ||     9
Evoke: Wand              |       |     2 ||     2
  Use: Scroll            |       |     1 ||     1
Armor: Leather armour    |    11 |    26 ||    37
Dodge: Dodged            |    52 |    52 ||   104

Table legend: (Time is in decaauts)
 A = Elapsed time spent in this place.
 B = Non-inter-level travel time spent in this place.
 C = Inter-level travel time spent in this place.
 D = Time resting spent in this place.
 E = Time spent auto-exploring this place.
 F = Levels seen in this place.
 G = Mean time per level.
                   A        B        C        D        E       F      G
               +--------+--------+--------+--------+--------+-----+--------+
         Total |    360 |    360 |      0 |      0 |      0 |   3 |  120.0 |
       Dungeon |    222 |    222 |      0 |      0 |      0 |   2 |  111.0 |
        Temple |    137 |    137 |      0 |      0 |      0 |   1 |  137.0 |
               +--------+--------+--------+--------+--------+-----+--------+

Top non-repeatable levels by time:
     D:5: 164 daAuts
  Temple: 137 daAuts
     D:4: 58 daAuts
